Description

This is a post 4.0 patch version of the double forge colossus build. I copied this from Stat's first match against Maru in GSL vrs the World. I've had to take some liberty in the writeup as all I had to go by was the VOD.

VOD

https://www.twitch.tv/videos/292916873?t=04h12m33s

Build Order

Why is there no SALT encoding or Overwolf build?

  14    Pylon  
  16    Gateway  
  16    Action Chrono nexus  
  17    Assimilator  
  20  1:24  Nexus  
  20  1:33  Cybernetics Core  
  21    Pylon, Assimilator  
  23  2:12  Warp Gate, Adept (finishes at 4:04)  
    2:13  Action 23 workers  
  27    Adept  
  31  2:41  Robotics Facility  
  33  2:51  Twilight Council  
    3:02  Action 29 workers  
  37  3:15  Gateway x2  
  38    Stalker  
  40    Observer  
  40    Action chrono robo  
  43  3:37  Blink  
  43    Pylon  
    4:04  Action 39 workers  
  47  4:08  Nexus (Third)  
  48    Pylon  
  48    Stalker  
  48    Stalker x2  
  53  4:24  Assimilator x2 (In natural)  
  54  4:26  Observer  
  56    Pylon  
  58  4:47  Immortal  
  59  4:55  Forge x2  
  59    Observer (third observer)  
  61  4:57  Robotics Bay  
    5:09  Action 46 workers  
  67  5:10  Immortal  
  70  5:23  Protoss Ground Weapons Level 1  
  71  5:30  Protoss Ground Armor Level 1  
    5:33  Action 51 workers  
  74  5:44  Colossus  
  74    Pylon  
  86    Pylon  
  86    Pylon  
    6:08  Action 60 workers  
  87  6:09  Extended Thermal Lance  
  87  6:11  Gateway x3, Charge  
  93    Zealot  
  99    Assimilator x2  
  100    Pylon x2  
  100    Gateway x2  
  101    Sentry x3  
  87  6:24  Colossus  
  107  7:08  Colossus  
  136  7:55  Templar Archives  
Spawning Tool Build Advisor. Get it on Overwolf

Analysis

Maru was surprisingly passive in this game, grabbing a third base early. Otherwise Stats would have been under enormous pressure to macro as he did.

Go to:

Details

  • Created by: synasyn
  • Published on: Aug 11, 2018
  • Modified on: Aug 11, 2018
  • Patch: 4.0.0
Show

Export as new Build Order

Comments (0)

There are no comments. Be the first!

Create an account to comment!